 Dungeon Crawl Stone Soup version 0.18.1-48-g4cf74bf (webtiles) character file.

4682 tyranidshit the Fighter (level 10, -3/87 HPs)
             Began as a Demonspawn Abyssal Knight on Sept 10, 2016.
             Was a High Priest of Lugonu.
             Slain by an orc warrior
             ... wielding a +0 glaive
              (15 damage)
             ... on level 10 of the Dungeon.
             The game lasted 00:25:27 (5935 turns).

tyranidshit the Fighter (Demonspawn Abyssal Knight) Turns: 5935, Time: 00:25:28

Health: -3/87      AC: 18    Str: 17    XL:     10   Next: 21%
Magic:  0/11       EV:  7    Int: 15    God:    Lugonu [*****.]
Gold:   361        SH:  0    Dex: 12    Spells: 0 memorised, 9 levels left

rFire  . . .     SeeInvis .     u - +2 war axe (flame)
rCold  + . .     Gourm    .     v - +0 plate armour
rNeg   . . .     Faith    .     (no shield)
rPois  +         Spirit   +     (no helmet)
rElec  +         Dismiss  .     (no cloak)
rCorr  .         Reflect  .     e - +4 pair of gloves "Fafoh" {rElec rC+ Int+2 Dex-2}
SustAt .         Harm     .     (boots unavailable)
MR     .....                    (no amulet)
Stlth  ..........               o - ring of flight
                                c - ring of poison resistance

@: not resistant to hostile enchantments, extremely unstealthy
A: hooves 3, agile 1, blink, regeneration 1, magic shield, rot immunity, sturdy
frame 1
a: Blink, Depart the Abyss, Bend Space, Banish, Corrupt, Enter the Abyss,
Renounce Religion, Evoke Flight


You were on level 10 of the Dungeon.
You worshipped Lugonu.
Lugonu was extremely pleased with you.
You were not hungry.

You visited 1 branch of the dungeon, and saw 10 of its levels.
You visited the Abyss 1 time.

You collected 361 gold pieces.

Inventory:

Hand Weapons
 a - a +1 hand axe
 i - a +2 vampiric hand axe
 j - a +2 hand axe of freezing
 u - a +2 war axe of flaming (weapon)
Armour
 e - the +4 pair of gloves "Fafoh" (worn) {rElec rC+ Int+2 Dex-2}
   (You acquired it on level 1 of the Dungeon)

   It affects your intelligence (+2).
   It affects your dexterity (-2).
   It protects you from cold.
   It insulates you from electricity.
 m - a +0 pair of boots
 t - a +0 scale mail
 v - a +0 plate armour (worn)
 y - the +3 pair of boots of Tecwaonu {*Corrode MP+9 Str+4}
   (You found it on level 4 of the Dungeon)

   It affects your strength (+4).
   It affects your magic capacity (+9).
   It may corrode you when you take damage.
Jewellery
 c - a ring of poison resistance (left hand)
 o - a ring of flight (right hand)
Wands
 b - a wand of flame (9/48)
 p - a wand of slowing (0/48)
 s - a wand of iceblast (15/15)
 x - a wand of flame (11/48)
 z - a wand of slowing (30/48)
 D - a wand of flame (31/48)
 I - a wand of enslavement (10/24)
Scrolls
 h - 3 scrolls of noise
 l - a scroll of identify
 q - a scroll of magic mapping
 r - 7 scrolls of remove curse
 C - a scroll of recharging
Potions
 f - 3 potions of curing
 k - a potion of brilliance
 n - a potion of flight
 w - a potion of cancellation
 B - a potion of lignification
 E - a potion of beneficial mutation {unknown}
Books
 F - an Akashic Record

   Spells                             Type                      Level
   a - Dispersal                      Translocation                6
   b - Malign Gateway                 Summoning/Translocation      7
   c - Disjunction                    Translocation                8
   d - Controlled Blink               Translocation                8
Comestibles
 d - a meat ration
 g - a beef jerky
 A - 4 bread rations


   Skills:
 - Level 11.1 Fighting
 + Level 7.0 Axes
 + Level 6.9 Armour
 - Level 1.0 Dodging
 - Level 2.4 Invocations


You had 9 spell levels left.
You didn't know any spells.

Dungeon Overview and Level Annotations

Branches:
Dungeon (10/15)               Orc (0/2) D:9
 Temple: D:4-7         Lair: D:8-11

Altars:
Fedhas
Kikubaaqudgha
Nemelex Xobeh
Pakellas
Qazlal
Sif Muna
Yredelemnul
Zin
The Shining One

Shops:
D:6 !

Annotations:
D:9 1 runed door


Innate Abilities, Weirdness & Mutations

You have hooves in place of feet.
When hurt, damage is shared between your health and your magic reserves.
You are immune to rotting.
Your movements are slightly less encumbered by armour (ER -2).
You are agile. (Dex +2)
You can translocate small distances at will.
Your natural rate of healing is unusually fast.


Message History

You barely miss the orc warrior.
The orc warrior is moderately wounded.
The orc warrior hits you with a glaive.
* * * LOW HITPOINT WARNING * * *
Unknown command.
You closely miss the orc warrior.
The orc warrior is moderately wounded.
The orc warrior hits you with a glaive!
* * * LOW HITPOINT WARNING * * *
Unknown command.
You hit the orc warrior. You burn the orc warrior.
You kick the orc warrior, but do no damage.
The orc warrior is moderately wounded.
The orc warrior closely misses you.
Unknown command.
You barely miss the orc warrior.
You kick the orc warrior, but do no damage.
The orc warrior is moderately wounded.
The orc warrior hits you with a glaive!!
You die...

#.#.# #.#>#
##.####)#.#
#..>...)<.#
#.#.####)###
#.# #.# #.#
#@#
#....)o.......
######.#..##..
..#..# ..# .#
##.# .# #.. #
###


You could see an orc warrior.

Vanquished Creatures
  Pikel (D:4)
  The ghost of tyranidshit the Skirmisher, an amateur DsAK of Lugonu (D:4)
  Sigmund (D:4)
  A hungry ghost (D:7)
  Menkaure (D:7)
  The ghost of tobi the Shield-Bearer, an amateur HEFi (D:5)
  2 steam dragons (D:7)
  A water moccasin (D:7)
  An orc warrior (D:6)
  4 slaves
  A sky beast (D:7)
  A black bear (D:9)
  2 wasps
  A phantom (D:8)
  A centaur (D:8)
  3 ogres
  A big kobold (D:9)
  3 giant frogs
  Blork the orc (D:4)
  A wyvern skeleton (D:5)
  2 scorpions
  12 wights
  An electric eel (D:9)
  A howler monkey (D:7)
  A crimson imp (D:6)
  3 giant frog zombies
  4 hounds
  3 orc priests
  6 iguanas
  A jelly (D:7)
  9 orc wizards
  A giant frog skeleton (D:7)
  4 worker ants
  Terence (D:2)
  6 gnolls
  A worker ant zombie (D:5)
  4 adders
  2 shadow imps
  2 oozes (D:1)
  An adder zombie (D:9)
  4 worms
  2 dart slugs
  5 giant geckos
  35 orcs
  6 bats
  11 giant cockroaches
  6 goblins
  8 hobgoblins
  8 kobolds
  4 quokkas
  2 ball pythons
  A giant gecko skeleton (D:6)
  6 giant newts
  A jackal skeleton (D:6)
  5 rats
198 creatures vanquished.

Notes
Turn   | Place    | Note
--------------------------------------------------------------
     0 | Abyss:1  | tyranidshit the Demonspawn Abyssal Knight began the quest for the Orb.
     0 | Abyss:1  | Reached XP level 1. HP: 18/18 MP: 2/2
    47 | Abyss:1  | Noticed a quasit
    55 | Abyss:2  | Found a roughly hewn altar of Beogh.
   131 | Abyss:2  | Noticed a green death
   133 | Abyss:2  | Noticed a small abomination
   133 | D:1      | Escaped the Abyss
   140 | D:1      | Identified a scroll of acquirement
   146 | D:1      | Reached skill level 1 in Dodging
   150 | D:1      | Got a pair of faintly humming gloves
   156 | D:1      | Identified the +4 pair of gloves "Fafoh" {rElec rC+ Int+2 Dex-2} (You acquired it on level 1 of the Dungeon)
   197 | D:1      | Gained mutation: Your movements are slightly less encumbered by armour (ER -2). [demonic ancestry]
   197 | D:1      | Reached XP level 2. HP: 24/24 MP: 3/3
   437 | D:1      | Reached * piety under Lugonu
   463 | D:1      | Reached skill level 4 in Fighting
   484 | D:1      | Gained mutation: When hurt, damage is shared between your health and your magic reserves. [demonic ancestry]
   484 | D:1      | Reached XP level 3. HP: 30/30 MP: 4/4
   894 | D:2      | Noticed Terence
   917 | D:2      | Killed Terence
  1027 | D:2      | Reached XP level 4. HP: 24/38 MP: 2/5
  1373 | D:2      | Reached skill level 5 in Fighting
  1555 | D:3      | Reached ** piety under Lugonu
  1837 | D:3      | Found an oddly glowing altar of Pakellas.
  1963 | D:4      | Noticed tyranidshit's ghost (amateur DsAK)
  2056 | D:4      | Gained mutation: You are immune to rotting. [demonic ancestry]
  2056 | D:4      | Reached XP level 5. HP: 35/46 MP: 4/6
  2091 | D:4      | Reached skill level 6 in Fighting
  2112 | D:4      | Gained mutation: You are agile. (Dex +2) [potion of mutation]
  2112 | D:4      | Gained mutation: Your natural rate of healing is unusually fast. [potion of mutation]
  2112 | D:4      | Gained mutation: You can translocate small distances at will. [potion of mutation]
  2191 | D:5      | Entered Level 5 of the Dungeon
  2217 | D:6      | Noticed an ogre
  2245 | D:6      | Noticed an orc warrior
  2290 | D:6      | Killed an ogre
  2290 | D:6      | Reached skill level 7 in Fighting
  2290 | D:6      | Reached XP level 6. HP: 21/55 MP: 3/7
  2508 | D:5      | Reached *** piety under Lugonu
  2579 | D:5      | Noticed tobi's ghost (amateur HEFi)
  2654 | D:6      | Found Xoxowol's Distillery.
  2664 | D:6      | Reached skill level 8 in Fighting
  2664 | D:6      | Gained mutation: You have large cloven feet. [demonic ancestry]
  2664 | D:6      | Reached XP level 7. HP: 62/62 MP: 6/8
  3027 | D:6      | Reached skill level 9 in Fighting
  3081 | D:6      | Found a basalt altar of Yredelemnul.
  3087 | D:6      | Found a deep blue altar of Sif Muna.
  3088 | D:6      | Found a stormy altar of Qazlal.
  3090 | D:6      | Found a blossoming altar of Fedhas.
  3093 | D:6      | Found a sparkling altar of Nemelex Xobeh.
  3318 | D:5      | Gained mutation: You have hoof-like feet. [demonic ancestry]
  3318 | D:5      | Reached XP level 8. HP: 67/72 MP: 7/9
  3355 | D:5      | Killed tobi's ghost
  3355 | D:5      | Reached skill level 10 in Fighting
  3383 | D:5      | Found an ancient bone altar of Kikubaaqudgha.
  3592 | D:5      | Found a glowing golden altar of the Shining One.
  3601 | D:4      | Noticed Sigmund
  3633 | D:4      | Noticed Blork the orc
  3654 | D:4      | Killed Blork the orc
  3680 | D:4      | Got a pair of scorched boots
  3691 | D:4      | Identified the +3 pair of boots of Tecwaonu {*Corrode MP+9 Str+4} (You found it on level 4 of the Dungeon)
  3724 | D:4      | Killed Sigmund
  3819 | D:4      | Reached skill level 11 in Fighting
  3900 | D:4      | Noticed Pikel
  4178 | D:4      | Reached **** piety under Lugonu
  4198 | D:4      | Killed Pikel
  4198 | D:4      | Reached XP level 9. HP: 72/81 MP: 10/10
  4400 | D:4      | Killed tyranidshit's ghost
  4453 | D:7      | Found Meluijua's Weapon Emporium.
  4620 | D:7      | Reached skill level 5 in Axes
  4620 | D:7      | Reached skill level 5 in Armour
  4764 | D:7      | Noticed Menkaure
  4778 | D:7      | Killed Menkaure
  5170 | D:8      | Gained mutation: You have hooves in place of feet. [demonic ancestry]
  5170 | D:8      | Reached XP level 10. HP: 85/87 MP: 11/11
  5209 | D:8      | Reached ***** piety under Lugonu
  5499 | D:8      | Found a glowing silver altar of Zin.
  5630 | D:9      | Found a staircase to the Orcish Mines.
  5829 | D:9      | Found a runed door.
  5845 | D:9      | Found a runed door.
  5851 | D:9      | Noticed a deep troll
  5851 | D:9      | Noticed a deep troll
  5851 | D:9      | Noticed an iron troll
  5881 | D:10     | Entered Level 10 of the Dungeon
  5935 | D:10     | Slain by an orc warrior

Skill      XL: |  1  2  3  4  5  6  7  8  9 10 |
---------------+-------------------------------+-----
Dodging        | 1 |  1.0
Fighting       | 4 5 7 8 9 11 | 11.1
Axes           | 3 6 7 |  7.0
Armour         | 3 6 |  6.9
Invocations    | |  2.4

Action                   |  1- 3 |  4- 6 |  7- 9 | 10-12 || total
-------------------------+-------+-------+-------+-------++-------
Melee: Hand axe          |   130 |   242 |   632 |       ||  1004
       War axe           |       |       |       |    94 ||    94
       Kick              |       |       |       |    27 ||    27
Invok: Depart the Abyss  |     1 |       |       |       ||     1
Evoke: Wand              |       |       |    11 |       ||    11
  Use: Scroll            |     6 |     4 |     8 |     3 ||    21
       Potion            |     3 |     5 |     3 |       ||    11
 Stab: Sleeping          |       |     1 |       |       ||     1
  Eat: Bread ration      |     2 |     1 |       |       ||     3
       Pizza             |       |     1 |       |       ||     1
       Meat ration       |       |       |     3 |       ||     3
Armor: Leather armour    |    17 |       |       |       ||    17
       Ring mail         |    73 |    72 |       |       ||   145
       Scale mail        |       |    76 |    34 |       ||   110
       Plate armour      |       |       |   592 |    86 ||   678
Dodge: Dodged            |   119 |   148 |   288 |    34 ||   589
